Map: Tropical Sacrifice

Players

cure - Winner!

  • Race: Terran Terran
  • Spawn Location: 7:00

Lambo

  • Race: Zerg Zerg
  • Spawn Location: 1:00

VOD

Have the link to the VOD?

Description

Time

  • Played on: Oct. 23, 2022, 8:06 p.m.
  • Length: 16:18
Show
View Real Time Build Order
Export as new Build Order

cure Terran - Winner!

Build Orders: Command Center First (CC), Mech 

Get SALT Encoding   

  12  0:00  SCV  
  13  0:12  SCV  
  14  0:17  Supply Depot  
  14  0:24  SCV  
  15  0:39  SCV  
  16  0:51  SCV  
  17  1:00  Command Center  
  17  1:03  SCV  
  18  1:14  Barracks  
  18  1:17  SCV  
  19  1:22  Refinery  
  19  1:29  SCV  
  19  1:31  Refinery  
  20  1:41  SCV  
  21  1:53  SCV  
  22  2:01  Marine  
  23  2:05  Orbital Command  
  23  2:10  Factory  
  23  2:15  Orbital Command  
  23  2:19  Barracks Reactor  
  23  2:31  SCV  
  24  2:38  Supply Depot  
  24  2:41  SCV  
  24  2:43  SCV  
  26  2:53  SCV  
  26  2:54  Starport  
  26  2:55  SCV  
  28  3:00  Hellion  
  28  3:02  Hellion  
  28  3:03  Barracks Tech Lab  
  28  3:05  SCV  
  33  3:07  SCV  
  34  3:16  Supply Depot  
  34  3:17  SCV  
  36  3:20  SCV  
  36  3:24  Hellion x2  
  40  3:30  Fusion Core  
  40  3:32  Viking  
  42  3:36  SCV x2  
  42  3:38  Barracks Tech Lab  
  44  3:42  Supply Depot  
  44  3:48  SCV x2  
  46  4:00  SCV x2  
  48  4:05  Command Center  
  48  4:11  Refinery x2  
  48  4:12  SCV x2  
  50  4:24  Battlecruiser  
  56  4:26  Supply Depot  
  56  4:29  SCV x2  
  58  4:36  Hellion x2  
  58  4:38  Supply Depot  
  62  4:48  SCV x2  
  64  4:58  Hellion x2  
  68  5:00  SCV x2  
  68  5:05  Factory  
  70  5:07  Barracks Tech Lab  
  70  5:09  Factory  
  70  5:14  SCV x2  
  72  5:21  Hellion x2  
  76  5:26  SCV x2  
  78  5:30  Battlecruiser  
  78  5:34  Supply Depot  
  84  5:38  SCV x2  
  86  5:44  Orbital Command  
  86  5:55  Hellion x2  
  90  6:00  SCV x2  
  92  6:10  SCV  
  93  6:12  SCV x2  
  93  6:17  Cyclone  
  93  6:18  Infernal Pre-Igniter  
  98  6:21  Armory x2, Weapon Refit  
  98  6:22  Engineering Bay, SCV  
  98  6:25  Supply Depot  
  99  6:28  SCV x2  
  99  6:32  Refinery x2  
  101  6:35  Supply Depot  
  101  6:46  SCV  
  101  6:47  Battlecruiser  
  108  6:49  SCV  
  109  6:57  SCV, Widow Mine, Hellion x2  
  116  7:02  Supply Depot  
  116  7:04  SCV  
  117  7:09  SCV x2  
  117  7:24  Cyclone, Widow Mine, Siege Tank  
  117  7:28  Supply Depot x2  
  117  7:29  Supply Depot  
  125  7:41  SCV x3  
  125  7:43  Missile Turret  
  124  7:44  Missile Turret  
  124  7:47  Missile Turret  
  124  7:51  Hellion x2, Missile Turret  
  110  7:56  Terran Vehicle Weapons Level 1, Terran Vehicle And Ship Armor Level 1, Factory  
  110  7:57  Factory  
  114  8:05  Thor  
  120  8:10  Thor  
  126  8:25  Widow Mine x2  
  126  8:26  Command Center  
  130  8:31  Supply Depot x2  
  130  8:32  SCV x2  
  130  8:33  Supply Depot, SCV  
  133  8:46  Thor  
  133  8:47  Factory Reactor  
  139  8:50  Widow Mine x2  
  137  8:59  Siege Tank x2  
  137  9:03  SCV x3  
  140  9:11  Hellion x2  
  144  9:26  Factory  
  144  9:27  Factory  
  144  9:29  Factory, Siege Tank  
  144  9:30  Smart Servos  
  147  9:31  Missile Turret  
  147  9:32  Hellion x2  
  147  9:33  Hellion x2, Siege Tank  
  158  9:40  SCV x3  
  158  9:44  Refinery  
  158  9:45  Refinery, Missile Turret  
  161  9:51  Siege Tank  
  164  9:53  Planetary Fortress  
  164  9:58  Hellion x2  
  170  10:00  Hellion  
  170  10:02  Siege Tank  
  171  10:09  Siege Tank  
  171  10:10  Hellion x2  
  178  10:14  Supply Depot  
  178  10:20  Hellion  
  176  10:23  Siege Tank  
  162  10:36  Thor  
  162  10:37  Hellion  
  162  10:41  SCV x3, Siege Tank  
  162  10:42  Command Center  
  168  10:52  Factory Tech Lab x2  
  168  10:53  Terran Vehicle Weapons Level 2, Factory Reactor  
  168  10:58  Terran Vehicle And Ship Armor Level 2  
  168  11:04  Hellion  
  168  11:05  Hellion x3  
  168  11:08  Hellion  
  181  11:11  Siege Tank  
  181  11:34  Supply Depot  
  181  11:36  Supply Depot  
  181  11:53  Thor x2  
  181  11:54  Siege Tank  
  196  11:56  Hellion x2, Planetary Fortress  
  196  11:59  Command Center  
  200  12:07  Hellion  
  199  12:11  Hellion  
  199  12:13  Hellion  
  193  12:22  Thor  
  188  12:33  Thor x2  
  188  12:34  Hellion x3  
  188  12:35  Hellion  
  168  12:43  Thor  
  159  12:44  Hellion x3  
  159  12:55  Hellion x2  
  159  12:56  Hellion x2  
  167  13:05  Thor, Hellion x2  
  175  13:06  Hellion  
  175  13:16  Hellion x4  
  175  13:17  Hellion  
  183  13:26  Thor  
  189  13:29  Terran Vehicle Weapons Level 3  
  189  13:36  Siege Tank  
  189  13:37  Hellion x3  
  186  13:49  Thor, Siege Tank  
  186  13:50  Hellion x2  
  195  14:01  Thor  
  197  14:03  Hellion x2  
  197  14:07  Command Center  
  191  14:20  Thor, Siege Tank  
  191  14:21  Hellion x3  
  198  14:29  Hellion  
  200  14:52  Siege Tank  
  195  15:02  Siege Tank x2  
  195  15:03  Hellion, Siege Tank  
  184  15:14  Hellion, Siege Tank  
  184  15:15  Hellion  
  185  15:23  Hellion x3  
  185  15:24  Siege Tank, Starport Reactor  
  194  15:34  Siege Tank  
  194  15:35  Siege Tank  
  198  15:41  Hellion  
  189  15:52  Hellion x2  
Show
View Real Time Build Order
Export as new Build Order

Lambo Zerg 

Build Orders: Hatch First 

Get SALT Encoding   

  12  0:00  Drone  
  13  0:13  Overlord  
  13  0:17  Drone  
  14  0:32  Drone x2  
  16  0:49  Hatchery  
  15  0:53  Drone  
  15  0:56  Drone  
  17  0:59  Drone  
  18  1:10  Extractor  
  17  1:15  Spawning Pool  
  16  1:19  Drone  
  16  1:22  Drone  
  18  1:29  Drone  
  19  1:40  Drone  
  20  1:51  Drone  
  21  2:02  Zergling x4, Queen x2  
  27  2:11  Drone  
  27  2:13  Overlord  
  28  2:23  Hatchery  
  28  2:26  Drone  
  28  2:34  Drone x3  
  31  2:41  Queen  
  33  2:46  Overlord  
  33  2:51  Metabolic Boost  
  33  2:54  Drone  
  33  2:57  Drone  
  35  3:03  Drone  
  36  3:07  Queen  
  38  3:13  Drone x4  
  38  3:19  Drone x2  
  44  3:26  Overlord  
  44  3:27  Overlord  
  44  3:35  Queen, Drone  
  44  3:38  Queen  
  49  3:44  Drone x3  
  49  3:45  Zergling x2  
  53  3:50  Zergling x6  
  53  3:52  Drone  
  53  3:53  Drone  
  58  3:57  Overlord  
  58  4:02  Zergling x6  
  61  4:04  Drone  
  62  4:11  Queen, Drone x2  
  62  4:15  Overlord  
  65  4:17  Drone  
  65  4:20  Baneling Nest  
  65  4:31  Overlord  
  65  4:32  Queen  
  65  4:33  Lair  
  65  4:34  Drone x2  
  65  4:35  Extractor  
  65  4:37  Drone x3  
  71  4:40  Drone  
  71  4:41  Drone  
  73  4:47  Overlord  
  73  4:50  Overlord  
  73  4:51  Overlord  
  73  4:52  Overlord  
  73  4:57  Spore Crawler, Drone  
  73  4:58  Spore Crawler  
  73  4:59  Extractor  
  71  5:01  Drone x2  
  71  5:06  Drone  
  71  5:07  Drone  
  75  5:08  Drone x2  
  75  5:10  Drone x2  
  75  5:11  Drone  
  75  5:13  Drone  
  82  5:21  Drone  
  82  5:24  Zergling x10  
  82  5:27  Queen  
  89  5:29  Hatchery  
  88  5:39  Spire  
  88  5:41  Drone x5  
  90  5:42  Baneling  
  90  5:43  Baneling x2  
  90  5:45  Drone  
  90  5:46  Drone  
  90  5:50  Drone x3  
  90  5:53  Drone x2  
  90  5:55  Drone  
  93  5:58  Extractor x2  
  93  6:01  Extractor  
  93  6:02  Drone x4  
  94  6:06  Drone x3  
  97  6:13  Centrifugal Hooks  
  97  6:14  Evolution Chamber  
  97  6:16  Drone  
  97  6:26  Overlord  
  97  6:27  Roach Warren  
  97  6:28  Drone  
  97  6:30  Drone  
  98  6:36  Baneling x2, Evolution Chamber  
  98  6:38  Zergling x2  
  98  6:39  Overlord  
  98  6:41  Overlord  
  98  6:42  Overlord  
  98  6:46  Drone x4  
  98  6:47  Overlord  
  102  6:49  Drone x4  
  105  6:54  Baneling  
  105  6:55  Baneling x4  
  105  6:58  Drone x3  
  105  6:59  Extractor  
  105  7:00  Spore Crawler, Mutalisk x4  
  113  7:10  Drone x5  
  113  7:12  Mutalisk x2  
  119  7:20  Overlord  
  119  7:21  Overlord  
  119  7:22  Glial Reconstitution, Drone x6  
  125  7:28  Drone x2  
  125  7:31  Overlord  
  125  7:32  Extractor  
  125  7:34  Zergling x6  
  125  7:35  Baneling x2  
  124  7:39  Drone x5  
  118  7:45  Corruptor x4  
  125  7:55  Corruptor  
  127  7:59  Zerg Missile Weapons Level 1  
  127  8:01  Drone x3  
  127  8:02  Drone x2  
  132  8:05  Hatchery  
  132  8:08  Corruptor  
  132  8:11  Roach x5  
  143  8:14  Drone  
  143  8:15  Drone  
  143  8:17  Corruptor  
  147  8:21  Zerg Melee Weapons Level 1  
  147  8:24  Overlord  
  147  8:25  Overlord  
  147  8:29  Zerg Flyer Weapons Level 1  
  147  8:32  Overlord  
  147  8:33  Roach x2  
  151  8:35  Overlord  
  151  8:39  Overlord  
  151  8:40  Overlord  
  151  8:42  Overlord  
  151  8:44  Overlord  
  151  8:48  Overlord  
  151  8:49  Overlord  
  151  8:52  Roach x13  
  176  8:55  Roach x2  
  175  9:06  Spine Crawler  
  175  9:07  Corruptor x2  
  175  9:08  Corruptor  
  176  9:11  Corruptor  
  172  9:25  Zergling x18  
  172  9:26  Ravager x2  
  172  9:27  Ravager x2  
  172  9:30  Corruptor  
  187  9:31  Hatchery  
  187  9:34  Zergling x8  
  187  9:36  Corruptor  
  192  9:41  Overseer, Ravager  
  192  9:43  Zergling x10  
  192  9:45  Baneling x4  
  198  9:49  Infestation Pit  
  197  9:56  Overseer  
  197  9:57  Baneling x5  
  197  9:58  Zergling x2  
  197  9:59  Zergling x8  
  200  10:03  Baneling x8  
  199  10:14  Overlord  
  199  10:20  Zergling x8  
  200  10:23  Baneling x7  
  198  10:35  Zergling x48  
  178  10:41  Corruptor  
  154  10:44  Hive  
  154  10:46  Corruptor x3  
  154  10:48  Roach  
  162  10:54  Corruptor  
  162  10:55  Corruptor  
  162  10:56  Roach  
  168  10:59  Zerg Melee Weapons Level 2  
  168  11:01  Ravager  
  168  11:03  Corruptor  
  171  11:05  Zergling x4  
  171  11:06  Baneling x2  
  173  11:16  Drone x2  
  173  11:17  Spore Crawler  
  174  11:18  Roach x2  
  174  11:19  Roach x2, Spine Crawler  
  174  11:20  Zerg Missile Weapons Level 2  
  178  11:31  Zergling x22  
  189  11:33  Baneling x7  
  189  11:35  Ravager x2  
  189  11:37  Roach  
  193  11:43  Roach x3  
  193  11:44  Baneling x6  
  199  11:49  Baneling x5  
  199  11:56  Pneumatized Carapace  
  199  11:57  Overseer  
  199  12:04  Zergling x2  
  199  12:05  Hatchery  
  199  12:06  Overlord  
  199  12:08  Baneling x10  
  197  12:10  Overlord  
  197  12:14  Baneling x5  
  190  12:21  Zergling x28  
  198  12:28  Zergling x2  
  198  12:29  Zergling x12  
  185  12:35  Roach x4  
  162  12:39  Roach x2  
  146  12:45  Roach x3  
  146  12:47  Ravager x2  
  154  12:58  Roach  
  154  12:59  Hatchery, Roach  
  157  13:08  Drone x5  
  157  13:09  Drone x2  
  157  13:11  Drone x3  
  162  13:13  Drone x2  
  162  13:19  Viper x2  
  167  13:24  Ravager x3  
  162  13:34  Zergling x10, Roach x2  
  162  13:35  Zergling x6  
  173  13:41  Roach  
  173  13:42  Zergling x8, Roach  
  170  13:58  Drone x6  
  170  13:59  Drone  
  170  14:00  Spine Crawler  
  170  14:02  Spine Crawler  
  154  14:11  Drone x8  
  162  14:20  Viper x2  
  162  14:23  Drone x4  
  161  14:34  Baneling  
  161  14:35  Baneling  
  161  14:38  Roach x5  
  173  14:41  Ravager  
  173  14:42  Ravager x6  
  173  14:43  Baneling  
  173  14:44  Baneling x2  
  180  14:48  Viper  
  180  14:52  Roach x4  
  188  14:59  Roach x4  
  194  15:03  Roach  
  194  15:04  Roach  
  189  15:09  Roach x4  
  189  15:17  Roach x4  
  195  15:21  Zergling x8  
  195  15:27  Zergling x6  
  197  15:34  Ravager x2  
  195  15:36  Ravager x2  
  195  15:39  Zergling x4  
  175  15:50  Zergling x2, Roach x8  
  175  15:52  Ravager x8  
  184  15:58  Roach x2  
Tags
 
Add a new tag
Caveats
  • Supply blocks, unpowered buildings, or Contaminate may cause inaccurate times.
  • Supply counts are checked every 10 seconds.